AoeStats
← Elbabouino

Enclosed

503836799Analyzed
2v2 RM · 1mo ago on Sep 2, 2026· 47m 43s· 4 players
Game mode
Random Map
Map size
Medium (4 player)
Population
200
Speed
Normal
Resources
Standard
Victory
Conquest
Starting age
Dark Age
Ending age
Imperial Age
RankedLock teamsTeams togetherTeam positionsShared explorationLock speedFull tech treeHidden civsTurbo modeCheats
Victory
Defeat
🇨🇭 Franks · Switzerland
985
+13
🇨🇭 Bohemians · Switzerland
916
+17
🇨🇳 Franks · China
934
-15
🇮🇹 Vietnamese · Italy
922
-15
maalrugu
7:29 Loom
9:48 Feudal Age
11:13 Double-Bit Axe
15:14 Fletching
19:54 Castle Age
18:37 Arson
18:57 Scale Mail Armor
19:09 Forging
18:55 Gold Mining
20:00 Pikeman
20:41 Squires
22:24 Wheelbarrow
21:37 Horse Collar
23:21 Chain Mail Armor
26:07 Iron Casting
27:12 Crossbowman
31:48 Hand Cart
31:36 Heavy Plow
31:27 Stone Mining
32:50 Thumb Ring
32:41 Bodkin Arrow
32:47 Padded Archer Armor
33:14 Ballistics
32:58 Town Watch
36:51 Imperial Age
34:08 Elite Skirmisher
35:25 Leather Archer Armor
35:13 Murder Holes
35:33 Bow Saw
36:05 Stone Shaft Mining
35:33 Town Patrol
37:58 Halberdier
39:26 Plate Mail Armor
40:37 Ring Archer Armor
40:21 Siege Engineers
40:32 Bracer
40:46 Imperial Skirmisher
45:39 Chemistry
3129902668
0:28 Loom
11:29 Feudal Age
12:11 Double-Bit Axe
20:23 Castle Age
18:44 Gold Mining
18:55 Stone Mining
21:36 Bow Saw
22:06 Gold Shaft Mining
30:07 Imperial Age
28:07 Scale Barding Armor
28:32 Husbandry
30:09 Chain Barding Armor
30:45 Wheelbarrow
30:23 Cavalier
35:53 Plate Barding Armor
35:29 Forging
37:07 Scale Mail Armor
39:05 Conscription
40:30 Chain Mail Armor
40:51 Iron Casting
41:03 Paladin
43:23 Plate Mail Armor
44:33 Blast Furnace
Elbabouino
11:07 Feudal Age
9:22 Loom
13:22 Double-Bit Axe
16:59 Castle Age
15:34 Scale Barding Armor
18:17 Bow Saw
20:11 Wheelbarrow
24:21 Forging
24:33 Chain Barding Armor
24:53 Gold Mining
25:09 Stone Mining
25:52 Husbandry
26:59 Iron Casting
28:04 Hand Cart
28:00 Town Watch
32:31 Imperial Age
32:35 Gold Shaft Mining
31:59 Fletching
32:46 Cavalier
33:39 Chivalry
34:00 Conscription
34:23 Plate Barding Armor
33:46 Bodkin Arrow
35:41 Paladin
37:32 Chemistry
39:49 Blast Furnace
40:03 Padded Archer Armor
40:04 Elite Throwing Axeman
43:09 Ballistics
45:21 Leather Archer Armor
46:44 Siege Engineers
46:49 Masonry
Shacoca
11:07 Feudal Age
12:14 Double-Bit Axe
12:11 Horse Collar
18:43 Castle Age
18:33 Wheelbarrow
19:48 Bow Saw
20:09 Heavy Plow
20:31 Fletching
20:33 Pikeman
21:29 Forging
24:25 Ballistics
26:42 Hand Cart
27:17 Squires
29:52 Chemistry
29:34 Iron Casting
33:16 Imperial Age
31:13 Scale Mail Armor
31:58 Town Watch
31:59 Loom
33:16 Bodkin Arrow
33:37 Chain Mail Armor
34:04 Bracer
35:05 Blast Furnace
34:11 Town Patrol
34:36 Elite Hussite Wagon
35:29 Padded Archer Armor
35:35 Scale Barding Armor
36:05 Plate Mail Armor
37:15 Light Cavalry
37:55 Husbandry
38:17 Leather Archer Armor
37:39 Halberdier
41:17 Ring Archer Armor
41:07 Chain Barding Armor
44:46 Arson
Connection lost

Rejoining the realm…

Still unreachable

The connection could not be restored.

Session expired

The server has moved on; the page needs a fresh start.